 Dungeon Crawl Stone Soup version 0.23.2-33-g5129a83184 (webtiles) character file.

Game seed: 1994729028068239354

704 FishyPogo the Cutter (level 7, -1/49 HPs)
             Began as a Halfling Abyssal Knight on Aug 2, 2019.
             Was a Believer of Lugonu.
             Slain by an orc warrior
             ... wielding a cursed -3 short sword
              (10 damage)
             ... on level 4 of the Dungeon.
             The game lasted 00:32:04 (4574 turns).

FishyPogo the Cutter (Halfling Abyssal Knight)      Turns: 4574, Time: 00:32:05

Health: -1/49      AC:  5    Str: 21    XL:     7   Next: 99%
Magic:  9/9        EV: 12    Int:  7    God:    Lugonu [**....]
Gold:   158        SH:  9    Dex: 14    Spells: 6/6 levels left

rFire    . . .     SeeInvis .   m - +0 long sword "Daum" {slice, Str+6}
rCold    + + .     Gourm    .   q - +0 shield
rNeg     . . .     Faith    .   p - +1 leather armour of Wuenyeg {rPois rC++ Regen+ Int-3}
rPois    +         Spirit   .   (no helmet)
rElec    .         Reflect  .   t - +0 cloak
rCorr    .         Harm     .   (no gloves)
MR       .....                  (no boots)
Stlth    +.........             (no amulet)
HPRegen  0.56/turn              (no ring)
MPRegen  0.11/turn              (no ring)

@: no status effects
A: small, mutation resistance 1
a: Depart the Abyss, Bend Space, Renounce Religion


You were on level 4 of the Dungeon.
You worshipped Lugonu.
Lugonu was pleased with you.
You were very hungry.

You visited 1 branch of the dungeon, and saw 5 of its levels.
You visited the Abyss 1 time.

You collected 158 gold pieces.

Inventory:

Hand Weapons
 a - a +1 short sword
 m - the +0 long sword "Daum" (weapon) {slice, Str+6}
   (You found it on level 4 of the Dungeon)

   It inflicts extra damage upon your enemies.
   It affects your strength (+6).
Missiles
 d - 29 stones (quivered)
Armour
 e - a +0 ring mail
 l - a +2 leather armour of fire resistance
 p - the +1 leather armour of Wuenyeg (worn) {rPois rC++ Regen+ Int-3}
   (You found it on level 4 of the Dungeon)

   It affects your intelligence (-3).
   It greatly protects you from cold.
   It protects you from poison.
   It increases your rate of regeneration.
 q - a +0 shield (worn)
 t - a +0 cloak (worn)
Wands
 s - a wand of flame (8)
Scrolls
 b - 3 scrolls of teleportation {unknown}
 f - 3 scrolls of immolation {unknown}
 g - 6 scrolls of identify
 h - a scroll of fog {unknown}
 k - 3 scrolls of remove curse {unknown}
 o - 3 scrolls of fear {unknown}
 r - a scroll of magic mapping {unknown}
Potions
 i - 2 potions of heal wounds
Comestibles
 c - 8 rations


   Skills:
 * Level 4.5 Fighting
 * Level 5.4 Short Blades
 * Level 4.7 Armour
 - Level 2.0 Dodging
 * Level 2.7 Shields
 + Level 3.5 Invocations


You had 6 spell levels left.
You didn't know any spells.
Your spell library was empty.

Dungeon Overview and Level Annotations

Branches:
Dungeon (5/15)
 Temple: D:4-7

Altars:
Dithmenos
Fedhas
Vehumet
Zin


Innate Abilities, Weirdness & Mutations

You are small and have problems with some larger weapons.
You are somewhat resistant to further mutation.


Message History

You block the orc warrior's attack.
You slash the orc warrior!
The orc warrior is moderately wounded.
You block the orc warrior's attack.
You slash the orc warrior!
The orc warrior is heavily wounded.
The orc warrior barely misses you.
You hit the orc warrior but do no damage.
The orc warrior is heavily wounded.
The orc warrior hits you with a cursed -3 short sword!
The orc warrior closely misses you.
You hit the orc warrior but do no damage.
The orc warrior is heavily wounded.
You block the orc warrior's attack.
You hit the orc warrior.
The orc warrior is severely wounded.
The orc warrior hits you with a cursed -3 short sword!
* * * LOW HITPOINT WARNING * * *
The orc warrior hits you with a cursed -3 short sword!
You die...

# ##### ######........##.#
######...# #..........o#.##.#
.........# #.####.##...#.##.#
######...# #.# #.###.#...#.# #
##.## ##.####o# #........ # #.#
#.......# ###...#.. #.#
#..###..######.#### ###.#####
#.o# #......^..# #.......# #.@#
#.#######.# #.#.###.# #..# #.#
##'## #.#..##.# #..###.# ##...##
##.##.##.# #......# ##.....##
##..##.##.# ##.#.### ##.......#
###.........####....####.........
.......................'.........
###....#########....####.........
##.#.# #.#.## ##...<[..#


You could see an orc warrior.

Vanquished Creatures
  Eustachio (D:4)
  An ogre (D:4)
  2 scorpions (D:4)
  A howler monkey (D:4)
  Crazy Yiuf (D:3)
  An orc priest (D:3)
  An iguana (D:3)
  2 orc wizards
  3 worker ants (D:4)
  2 adders
  A howler monkey skeleton (D:4)
  An ooze (D:4)
  2 worms
  A dart slug (D:2)
  3 leopard geckos
  22 orcs
  2 giant cockroaches
  10 goblins
  4 hobgoblins
  3 jackals
  8 kobolds
  A quokka (D:3)
  3 ball pythons
  A ball python skeleton (D:4)
  3 bats
  2 frilled lizards (D:1)
  A leopard gecko skeleton (D:4)
  8 rats
  2 fungi (D:3)
93 creatures vanquished.

Notes
Turn   | Place    | Note
-------+----------+-------------------------------------------
     0 | Abyss:1  | FishyPogo the Halfling Abyssal Knight began the quest for
                  | the Orb.
     0 | Abyss:1  | Reached XP level 1. HP: 15/15 MP: 2/2
    40 | Abyss:1  | Noticed an ancient zyme
    41 | D:1      | Escaped the Abyss
   158 | D:1      | Reached * piety under Lugonu
   158 | D:1      | Reached XP level 2. HP: 18/20 MP: 3/3
   421 | D:1      | Reached XP level 3. HP: 21/25 MP: 4/4
   612 | D:2      | Reached skill level 3 in Short Blades
   768 | D:2      | Noticed an ogre
  1194 | D:2      | Reached XP level 4. HP: 31/31 MP: 5/5
  1502 | D:3      | Reached ** piety under Lugonu
  1550 | D:3      | Reached XP level 5. HP: 28/36 MP: 6/6
  1887 | D:3      | Reached skill level 4 in Short Blades
  2151 | D:3      | Found a runed translucent door.
  2152 | D:3      | Noticed Crazy Yiuf
  2203 | D:4      | Reached XP level 6. HP: 41/43 MP: 8/8
  2213 | D:4      | Noticed an ogre
  2315 | D:4      | Noticed Eustachio
  3133 | D:4      | Got a faintly glowing long sword
  3134 | D:4      | Identified the +0 long sword "Daum" {slice, Str+6} (You
                  | found it on level 4 of the Dungeon)
  3203 | D:4      | Got a twisted leather armour
  3214 | D:4      | Identified the +1 leather armour of Wuenyeg {rPois rC++
                  | Regen+ Int-3} (You found it on level 4 of the Dungeon)
  3242 | D:4      | Found a shadowy altar of Dithmenos.
  3291 | D:4      | Reached skill level 1 in Shields
  3428 | D:4      | Found a blossoming altar of Fedhas.
  3428 | D:4      | Found a radiant altar of Vehumet.
  3428 | D:4      | Found a glowing silver altar of Zin.
  3587 | D:4      | Reached XP level 7. HP: 41/48 MP: 9/9
  3951 | D:4      | Killed Eustachio
  3951 | D:4      | Reached skill level 5 in Short Blades
  4029 | D:3      | Killed Crazy Yiuf
  4106 | D:5      | Entered Level 5 of the Dungeon
  4574 | D:4      | Slain by an orc warrior

Skill      XL: |  1  2  3  4  5  6  7 |
---------------+----------------------+-----
Short Blades   | 3 4 5 |  5.4
Fighting       | 3 4 |  4.5
Armour         | 3 4 |  4.7
Dodging        | 2 |  2.0
Shields        | 1 2 |  2.7
Invocations    | 3 |  3.5

Action                   |  1- 3 |  4- 6 |  7- 9 || total
-------------------------+-------+-------+-------++-------
Melee: Short sword       |   103 |   276 |       ||   379
       Long sword        |       |    48 |    64 ||   112
Throw: Stone             |    19 |    13 |     1 ||    33
Invok: Depart the Abyss  |     1 |       |       ||     1
       Bend Space        |       |     5 |    14 ||    19
  Use: Scroll            |       |     1 |       ||     1
       Potion            |       |       |     1 ||     1
  Eat: Chunk             |     1 |     8 |     2 ||    11
Armor: Ring mail         |    25 |    67 |       ||    92
       Leather armour    |     1 |     7 |     9 ||    17
       Scale mail        |       |     2 |       ||     2
Dodge: Dodged            |    48 |   220 |    42 ||   310
Block: Shield            |       |    20 |    27 ||    47
       Rpst.: Long sword |       |     5 |    12 ||    17
